 Dungeon Crawl Stone Soup version 0.23.0-3-gf3c87f2 (webtiles) character file.

Game seed: 10525772924091175395

215 Borgoz the Sneak (level 5, -2/29 HPs)
             Began as a Gargoyle Enchanter on Feb 23, 2019.
             Killed by nerve-wracking pain
             ... invoked by Grinder
              (4 damage)
             ... on level 4 of the Dungeon.
             The game lasted 00:08:00 (4655 turns).

Borgoz the Sneak (Gargoyle Enchanter)               Turns: 4655, Time: 00:08:00

Health: -2/29      AC: 13    Str: 10 (13) XL:     5   Next: 92%
Magic:  4/8        EV: 12    Int: 14 (16) God:
Gold:   195        SH:  0    Dex:  8 (11) Spells: 6/9 levels left

rFire    . . .     SeeInvis .   l - +1 dagger (protect)
rCold    . . .     Gourm    .   (no shield)
rNeg     + . .     Faith    .   b - +0 robe
rPois    ∞         Spirit   .   (no helmet)
rElec    +         Reflect  .   j - scarf {repulsion}
rCorr    .         Harm     .   (no gloves)
MR       .....                  (no boots)
Stlth    ++........             (no amulet)
HPRegen  0.09/turn              (no ring)
MPRegen  0.11/turn              (no ring)

@: protection aura, very slightly contaminated, invisible, repel missiles
A: big wings, negative energy resistance 1, electricity resistance, strong 1,
unbreathing, petrification resistance, rot immunity, AC +4
a: Fly


You were on level 4 of the Dungeon.
You were hungry.

You visited 1 branch of the dungeon, and saw 4 of its levels.

You collected 195 gold pieces.

Inventory:

Hand Weapons
 l - a +1 dagger of protection (weapon)
Missiles
 h - 45 poisoned needles
Armour
 b - a +0 robe (worn)
 j - a scarf of repulsion (worn)
Jewellery
 g - an uncursed ring of ice
Wands
 k - a wand of clouds (8)
Scrolls
 c - 2 scrolls of fog {unknown}
 f - 5 scrolls of remove curse {unknown}
 i - a scroll of identify {unknown}
 m - a scroll of enchant weapon {unknown}
 n - a scroll of magic mapping {unknown}
 o - 2 scrolls of amnesia {unknown}
Comestibles
 d - 11 rations


   Skills:
 + Level 1.1 Fighting
 * Level 2.0 Short Blades
 + Level 2.6 Dodging
 + Level 4.2 Stealth
 + Level 2.5 Spellcasting
 * Level 3.7 Hexes
 + Level 0.7 Ice Magic


You had 6 spell levels left.
You knew the following spells:

 Your Spells              Type           Power        Failure   Level  Hunger
a - Corona                Hex            ##.....      4%          1    #......
b - Ensorcelled Hibernat  Hex/Ice        #.....       14%         2    ###....

Your spell library contained the following spells:

 Spells                   Type           Power        Failure   Level  Hunger
 Confuse                  Hex            ##......     14%         3    ###....
 Tukima's Dance           Hex            ##......     14%         3    ###....
 Dazzling Spray           Conj/Hex       #.....       30%         3    ###....


Dungeon Overview and Level Annotations

Branches:
Dungeon (4/15)
 Temple: D:4-7

Altars:
Hepliaklqana
Wu Jian

Annotations:
D:4 Grinder


Innate Abilities, Weirdness & Mutations

You are resistant to torment.
Your stone body is resilient. (AC +4)
You are immune to poison.
You resist negative energy. (rN+)
You are resistant to electric shocks. (rElec)
You can survive without breathing.
You are immune to petrification.
You are immune to rotting.
Your large and strong wings let you fly indefinitely.
Your muscles are strong. (Str +2)


Message History

Grinder is moderately wounded.
Grinder gestures at you.
You suddenly lose the ability to move!
Grinder gestures at you. Pain shoots through your body! Grinder hits you.
* * * LOW HITPOINT WARNING * * *
You writhe in agony.
* * * LOW HITPOINT WARNING * * *
You can move again.
You hit Grinder but do no damage.
Your weapon exudes an aura of protection.
Grinder is moderately wounded.
Grinder gestures at you. Pain shoots through your body!
* * * LOW HITPOINT WARNING * * *
Unknown command.
Grinder gestures at you. Pain shoots through your body!
You die...

#.......# ......#
#####'######## #.....#
.........#....##.....#
.........#....b......+
.........#...........#
.........#...........#
.........#......5....#
.........#######.....#
######.........#@....#
+.........#.....#
#.........'.....#
#.........#######
#............
###...........
#............
#............
#.........5..


You could see Grinder.

Vanquished Creatures
  An ogre (D:4)
  2 adders
  2 oozes (D:1)
  An adder skeleton (D:4)
  A dart slug (D:2)
  4 worms
  A leopard gecko (D:1)
  7 orcs (D:3)
  9 bats
  6 giant cockroaches
  11 goblins
  8 hobgoblins
  5 jackals
  9 kobolds
  A quokka (D:2)
  3 frilled lizards
  A quokka skeleton (D:4)
  5 rats
  A butterfly (D:4)
78 creatures vanquished.

Notes
Turn   | Place    | Note
-------+----------+-------------------------------------------
     0 | D:1      | Borgoz the Gargoyle Enchanter began the quest for the Orb.
     0 | D:1      | Reached XP level 1. HP: 10/10 MP: 3/3
   369 | D:1      | Reached XP level 2. HP: 13/15 MP: 5/5
   672 | D:1      | Reached XP level 3. HP: 15/19 MP: 6/6
  1581 | D:2      | Reached skill level 1 in Short Blades
  1940 | D:2      | Learned a level 2 spell: Ensorcelled Hibernation
  2227 | D:2      | Reached XP level 4. HP: 24/24 MP: 7/7
  2387 | D:2      | Reached skill level 4 in Stealth
  3448 | D:3      | Found an ornate altar of the Wu Jian Council.
  3524 | D:3      | Reached XP level 5. HP: 27/28 MP: 1/8
  3541 | D:3      | Found a hazy altar of Hepliaklqana.
  3637 | D:3      | Reached skill level 1 in Fighting
  4143 | D:4      | Noticed an ogre
  4155 | D:4      | Killed an ogre
  4617 | D:4      | Noticed Grinder
  4649 | D:4      | Gained mutation: Your large and strong wings let you fly
                  | indefinitely. [potion of mutation]
  4649 | D:4      | Gained mutation: Your muscles are strong. (Str +2) [potion
                  | of mutation]
  4650 | D:4      | Paralysed by Grinder for 2 turns
  4655 | D:4      | Killed from afar by Grinder

Skill      XL: |  1  2  3  4  5 |
---------------+----------------+-----
Hexes          | 3 |  3.7
Dodging        | 2 |  2.6
Short Blades   | 1 2 |  2.0
Stealth        | 4 |  4.2
Fighting       | 1 |  1.1
Spellcasting   | |  2.5
Ice Magic      | |  0.7

Action                   |  1- 3 |  4- 6 || total
-------------------------+-------+-------++-------
Melee: Dagger            |   193 |   215 ||   408
 Cast: Corona            |     1 |       ||     1
       Ensorcelled Hiber |       |    20 ||    20
  Use: Potion            |       |     4 ||     4
 Stab: Sleeping          |     9 |    10 ||    19
  Eat: Chunk             |     4 |     9 ||    13
Armor: Robe              |    66 |    76 ||   142
Dodge: Dodged            |   131 |   137 ||   268
       Deflected         |       |     2 ||     2
